 Dungeon Crawl Stone Soup version 0.23.1 (webtiles) character file.

Game seed: 0

142 H0rd4k the Magician (level 5, -4/28 HPs)
             Began as a Deep Elf Wizard on Mar 7, 2019.
             Slain by a scorpion (9 damage)
             ... on level 4 of the Dungeon.
             The game lasted 00:10:00 (2984 turns).

H0rd4k the Magician (Deep Elf Wizard)               Turns: 2984, Time: 00:10:01

Health: -4/28      AC:  2    Str:  4    XL:     5   Next: 4%
Magic:  3/16       EV: 13    Int: 24    God:
Gold:   131        SH:  0    Dex: 13    Spells: 11/17 levels left

rFire    . . .     SeeInvis .   (no weapon)
rCold    . . .     Gourm    .   (no shield)
rNeg     . . .     Faith    .   a - +0 robe
rPois    +         Spirit   .   b - +0 hat
rElec    .         Reflect  .   (no cloak)
rCorr    .         Harm     .   (no gloves)
MR       .....                  (no boots)
Stlth    ++........             (no amulet)
HPRegen  0.09/turn              i - ring of poison resistance
MPRegen  0.15/turn              (no ring)

@: very slightly contaminated
A: no striking features
a: no special abilities


You were on level 4 of the Dungeon.
You were very hungry.

You visited 1 branch of the dungeon, and saw 4 of its levels.

You collected 131 gold pieces.

Inventory:

Hand Weapons
 j - a +0 hand crossbow
 s - a +2 dagger of draining
Armour
 a - a +0 robe (worn)
 b - a +0 hat (worn)
Jewellery
 i - a ring of poison resistance (left hand)
Wands
 m - a wand of disintegration (17)
Scrolls
 e - a scroll of enchant armour {unknown}
 g - 6 scrolls of identify {unknown}
 k - a scroll of amnesia {unknown}
 o - a scroll of blinking {unknown}
 q - 3 scrolls of remove curse {unknown}
 r - 2 scrolls of teleportation {unknown}
 t - a scroll of magic mapping {unknown}
Potions
 c - a potion of curing {unknown}
 f - a potion of magic {unknown}
 h - 2 potions of invisibility {unknown}
 l - a potion of heal wounds {unknown}
 n - a potion of brilliance {unknown}
 p - 2 potions of mutation {unknown}
Comestibles
 d - 5 rations


   Skills:
 + Level 2.5 Dodging
 + Level 3.0 Stealth
 + Level 6.7 Spellcasting
 + Level 3.0 Conjurations
   Level 1.1 Summonings
 + Level 1.1 Translocations


You had 11 spell levels left.
You knew the following spells:

 Your Spells              Type           Power        Failure   Level  Hunger
a - Magic Dart            Conj           ###.         2%          1    None
b - Blink                 Tloc           N/A          7%          2    None
c - Conjure Flame         Conj/Fire      ###.....     12%         3    None

Your spell library contained the following spells:

 Spells                   Type           Power        Failure   Level  Hunger
 Call Imp                 Summ           ##......     7%          2    None
 Slow                     Hex            #.......     11%         2    None
 Mephitic Cloud           Conj/Pois/Air  ##......     14%         3    None


Dungeon Overview and Level Annotations

Branches:
Dungeon (4/15)
 Temple: D:4-7

Altars:
Ashenzari
Dithmenos
Fedhas
Kikubaaqudgha

Annotations:
D:3 exclusion: worker ant


Message History

The magic dart hits the scorpion.
The scorpion is almost dead.
The scorpion barely misses you.
Casting: Magic Dart (safe; 2% risk of failure)
Confirm with . or Enter, or press ? or * to list all spells.
Aiming: Magic Dart (safe; 2% risk of failure)
Press: ? - help, Shift-Dir - straight line, f/p - scorpion
Aim: a scorpion (almost dead)
The magic dart hits the scorpion but does no damage.
The scorpion is almost dead.
The scorpion stings you but does no damage.
Casting: Magic Dart (safe; 2% risk of failure)
Confirm with . or Enter, or press ? or * to list all spells.
Aiming: Magic Dart (safe; 2% risk of failure)
Press: ? - help, Shift-Dir - straight line, f/p - scorpion
Aim: a scorpion (almost dead)
The magic dart hits the scorpion but does no damage.
The scorpion is almost dead.
The scorpion stings you!
You die...

# ## #........ .#
#....... .## +......
..## #..... ...### #....
.....## ... ##....######
##s# #
##.>..##...####.@##.####
......#.................
......#.................
......#.................
......+.................
..##..##..###....####.##
####..##..# ###### .#
..........# .
..........#


You could see a scorpion.

Vanquished Creatures
  4 adders
  3 worms
  2 dart slugs
  4 leopard geckos
  11 orcs (D:3)
  2 giant cockroaches
  8 hobgoblins
  8 jackals
  A quokka (D:3)
  A ball python (D:3)
  5 bats
  2 frilled lizards
  9 goblins
  9 kobolds
  9 rats
78 creatures vanquished.

Notes
Turn   | Place    | Note
-------+----------+-------------------------------------------
     0 | D:1      | H0rd4k the Deep Elf Wizard began the quest for the Orb.
     0 | D:1      | Reached XP level 1. HP: 10/10 MP: 7/7
   195 | D:1      | Reached skill level 5 in Spellcasting
   198 | D:1      | Reached XP level 2. HP: 15/15 MP: 0/10
   862 | D:1      | Learned a level 2 spell: Blink
   968 | D:2      | Reached XP level 3. HP: 12/19 MP: 4/12
  1211 | D:2      | Reached skill level 6 in Spellcasting
  1736 | D:2      | Reached XP level 4. HP: 18/24 MP: 8/14
  1744 | D:2      | Learned a level 3 spell: Conjure Flame
  2006 | D:3      | Found a faded altar of an unknown god.
  2600 | D:3      | Found a shadowy altar of Dithmenos.
  2720 | D:3      | Reached XP level 5. HP: 25/28 MP: 5/16
  2840 | D:3      | Found a shattered altar of Ashenzari.
  2840 | D:3      | Found an ancient bone altar of Kikubaaqudgha.
  2840 | D:3      | Found a blossoming altar of Fedhas.
  2984 | D:4      | Slain by a scorpion

Skill      XL: |  1  2  3  4 |
---------------+-------------+-----
Spellcasting   | 5 6 |  6.7
Conjurations   | 2 3 |  3.0
Stealth        | 3 |  3.0
Dodging        | |  2.5
Summonings     | |  1.1
Translocations | |  1.1

Action                   |  1- 3 |  4- 6 || total
-------------------------+-------+-------++-------
 Cast: Magic Dart        |   134 |   123 ||   257
  Eat: Chunk             |     2 |     3 ||     5
Armor: Robe              |     3 |     5 ||     8
Dodge: Dodged            |    32 |    17 ||    49
